 Dungeon Crawl Stone Soup version 0.27-a0-1136-g0b992a5a9d (webtiles) character file.

Game seed: 9461369623746598801

0 voltaire321 the Bolt Thrower (level 1, -3/12 HPs)
             Began as a Kobold Wanderer on May 5, 2021.
             Killed from afar by a dart slug (4 damage)
             ... with a slug dart
             ... on level 1 of the Dungeon.
             The game lasted 00:00:40 (90 turns).

voltaire321 the Bolt Thrower (Kobold Wanderer)        Turns: 90, Time: 00:00:41

Health: -3/12      AC:  5    Str: 12    XL:     1   Next: 11%
Magic:  1/1        EV: 12    Int: 12    God:
Gold:   1          SH:  0    Dex: 12    Spells: 0/0 levels left

rFire    . . .     SeeInvis .   a - +2 dagger
rCold    . . .     Faith    .   (shield restricted)
rNeg     . . .     Spirit   .   c - +0 ring mail
rPois    .         Reflect  .   (no helmet)
rElec    .         Harm     .   (no cloak)
rCorr    .         Rampage  .   (no gloves)
Will     .....                  (no boots)
Stlth    ++........             (no amulet)
HPRegen  0.04/turn              (no ring)
MPRegen  0.07/turn              (no ring)

@: no status effects
A: small, no large weapons, nightstalker 3
a: no special abilities


You were on level 1 of the Dungeon.
You visited 1 branch of the dungeon, and saw 1 of its levels.

You collected 1 gold pieces.

Inventory:

Hand Weapons
 a - a +2 dagger (weapon)
Armour
 c - a +0 ring mail (worn)
Scrolls
 b - a scroll of blinking
 d - 2 scrolls of teleportation


   Skills:
 + Level 2.2 Fighting
 - Level 2.0 Bows
 + Level 2.4 Crossbows
 + Level 1.1 Throwing
 + Level 1.5 Armour
 + Level 1.4 Stealth


You couldn't memorise any spells.
You didn't know any spells.
Your spell library was empty.

Dungeon Overview and Level Annotations

Branches:
Dungeon (1/15)

Altars:


Innate Abilities, Weirdness & Mutations

You are small and have problems with some larger weapons.
You are completely attuned to the shadows.


Message History

The bat closely misses you. The bat barely misses you.
The bat barely misses you. The bat barely misses you.
The bat hits you but does no damage. The bat misses you.
The bat barely misses you. The bat closely misses you. The bat hits you.
The bat closely misses you.
You hit the bat.
You kill the bat!
You enter the shallow water.
Moving in this stuff is going to be slow.
You enter the shallow water.
Moving in this stuff is going to be slow.
You now have 1 gold piece.
There is a faded altar of an unknown god here.
You enter the shallow water.
Moving in this stuff is going to be slow.
HP restored.
A dart slug comes into view.
The dart slug barely misses you. The dart slug barely misses you.
The dart slug launches a dart at you. The slug dart hits you.
The dart slug bites you but does no damage.
The dart slug launches a dart at you. The slug dart misses you.
The dart slug misses you. The dart slug closely misses you.
The dart slug closely misses you. The dart slug barely misses you.
The dart slug bites you.
The dart slug bites you but does no damage.
The dart slug launches a dart at you. The slug dart hits you.
* * * LOW HITPOINT WARNING * * *
The dart slug launches a dart at you. The slug dart hits you.
You die...

# #..##.
#########
#..#..
........#
#....
#######.# #.w#
# #.# #@.# #
#.########..#
.
#...........#
#
###########...
# #... ###
##+# ≈.≈#


You could see a dart slug.

Vanquished Creatures
  A bat (D:1)
1 creature vanquished.

Vanquished Creatures (others)
  A plant (D:1)
1 creature vanquished.

Grand Total: 2 creatures vanquished

Notes
Turn   | Place    | Note
-------+----------+-------------------------------------------
     0 | D:1      | voltaire321 the Kobold Wanderer began the quest for the
                  | Orb.
     0 | D:1      | voltaire321 set off with the following items: a +2 dagger,
                  | a scroll of blinking, a +0 ring mail, a scroll of
                  | teleportation
     0 | D:1      | Reached XP level 1. HP: 12/12 MP: 1/1
    14 | D:1      | Found a faded altar of an unknown god.
    90 | D:1      | Killed from afar by a dart slug

Illustrated notes

Levels and vault maps discovered:
D:1:      lightli_arrival_flooded_house, layout_loops_ring,
          hellmonk_ecumenical_altar_pennies_from_heaven, minmay_splitting_lines,
          kennysheep_decorative_pillar, minmay_nonomino_d4

Action                   || total
-------------------------++-------
Melee: Dagger            ||     2
Armor: Ring mail         ||     6
Dodge: Dodged            ||    16

Table legend: (Time is in decaauts)
 A = Elapsed time spent in this place.
 B = Non-inter-level travel time spent in this place.
 C = Inter-level travel time spent in this place.
 D = Time resting spent in this place.
 E = Time spent auto-exploring this place.
 F = Levels seen in this place.
 G = Mean time per level.
                   A        B        C        D        E       F      G
               +--------+--------+--------+--------+--------+-----+--------+
         Total |     93 |     93 |      0 |      0 |     29 |   1 |   93.0 |
       Dungeon |     93 |     93 |      0 |      0 |     29 |   1 |   93.0 |
               +--------+--------+--------+--------+--------+-----+--------+

Top non-repeatable levels by time:
     D:1: 93 daAuts
